 Dungeon Crawl Stone Soup version 0.19.1-1-g22dce08 (webtiles) character file.

17593 Rrauwl the Geomancer (level 12, -22/75 HPs)
             Began as a Gargoyle Earth Elementalist on Jan 16, 2017.
             Was a High Priest of Vehumet.
             Annihilated by a large slime creature (26 damage)
             ... on level 12 of the Dungeon on Jan 17, 2017.
             The game lasted 02:06:36 (12368 turns).

Rrauwl the Geomancer (Gargoyle Earth Elementalist) Turns: 12368, Time: 02:06:36

Health: -22/75     AC: 18    Str: 12    XL:     12   Next: 49%
Magic:  31/31      EV: 12    Int: 21    God:    Vehumet [*****.]
Gold:   800        SH:  0    Dex: 10    Spells: 6 memorised, 6 levels left

rFire  + . .     SeeInvis .     r - +9 dire flail (holy)
rCold  . . .     Gourm    .     t - +0 leather armour {rF+}
rNeg   + . .     Faith    .     (shield currently unavailable)
rPois  ∞         Spirit   .     f - +0 helmet
rElec  +         Reflect  .     M - +0 cloak
rCorr  .         Harm     .     S - +0 pair of gloves
MR     +....                    (no boots)
Stlth  ++........               (no amulet)
                                W - ring of magical power
                                i - ring of protection from magic

@: very slightly contaminated, hasted, very quick
A: iridescent scales 1, deterioration 1, mutation resistance 1, negative energy
resistance 1, regeneration 1, screaming 1, electricity resistance, wild magic 1,
unbreathing, petrification resistance, rot immunity, AC +8
a: Renounce Religion


You were on level 12 of the Dungeon.
You worshipped Vehumet.
Vehumet was extremely pleased with you.
You were full.

You visited 3 branches of the dungeon, and saw 14 of its levels.

You collected 800 gold pieces.

Inventory:

Hand Weapons
 c - a +0 hand crossbow
 r - a +9 dire flail of holy wrath (weapon)
 A - the +3 dagger of the Establishment {venom, MR++ Int+5 Stlth+}
   (You found it on level 7 of the Dungeon)

   It poisons the flesh of those it strikes.
   It affects your intelligence (+5).
   It affects your resistance to hostile enchantments.
   It makes you more stealthy.
Missiles
 b - 307 stones (quivered)
 h - 169 arrows
Armour
 a - a +2 robe of cold resistance
 f - a +0 helmet (worn)
 t - a +0 leather armour of fire resistance (worn)
 u - a +0 troll leather armour
 M - a +0 cloak (worn)
 S - a +0 pair of gloves (worn)
Magical Staves
 q - an uncursed staff of cold
Jewellery
 i - a ring of protection from magic (left hand)
 l - an uncursed ring of protection from cold
 F - an uncursed ring of protection from fire
 W - a ring of magical power (right hand)
Wands
 D - a wand of disintegration (22/24)
 I - a wand of teleportation (3/9)
 U - a wand of hasting (6/9)
 V - a wand of acid (10/15)
Scrolls
 j - a scroll of silence
 m - 5 scrolls of teleportation
 n - 4 scrolls of recharging
 p - 5 scrolls of remove curse
 w - 2 scrolls of identify
 L - 4 scrolls of enchant armour
Potions
 k - a potion of cancellation
 B - a potion of ambrosia
 C - 3 potions of flight
 T - 3 potions of brilliance
Books
 e - a book of Geomancy

   Spells                             Type                      Level
   a - Sandblast                      Earth                        1
   b - Passwall                       Transmutation/Earth          2
   c - Stone Arrow                    Conjuration/Earth            3
   d - Petrify                        Transmutation/Earth          4
   e - Lee's Rapid Deconstruction     Earth                        5
 o - a book of Misfortune

   Spells                             Type                      Level
   a - Confusing Touch                Hexes                        1
   b - Confuse                        Hexes                        3
   c - Gell's Gravitas                Hexes/Translocation          3
   d - Petrify                        Transmutation/Earth          4
   e - Metabolic Englaciation         Hexes/Ice                    5
   f - Yara's Violent Unravelling     Hexes/Transmutation          5
Comestibles
 d - 6 bread rations


   Skills:
 + Level 8.3 Fighting
 + Level 7.4 Maces & Flails
 - Level 8.0 Armour
 - Level 3.2 Dodging
 - Level 2.1 Stealth
 - Level 7.0 Spellcasting
 + Level 8.1 Conjurations
 - Level 3.3 Translocations
   Level 0.7 Transmutations
 + Level 10.8 Earth Magic
 - Level 5.1 Evocations


You had 6 spell levels left.
You knew the following spells:

 Your Spells              Type           Power        Failure   Level  Hunger
a - Sandblast             Erth           ######       1%          1    None
b - Stone Arrow           Conj/Erth      ######       1%          3    #......
c - Lee's Rapid Deconstr  Erth           ######....   1%          5    #####..
d - Blink                 Tloc           N/A          8%          2    None
e - Iskenderun's Mystic   Conj           ######..     2%          4    ###....
f - Force Lance           Conj/Tloc      #####...     4%          4    ###....


Dungeon Overview and Level Annotations

Branches:
Dungeon (12/15)            Temple (1/1) D:4            Lair (1/6) D:11
    Orc: D:9-12

Altars:
Ashenzari
Cheibriados
Dithmenos
Elyvilon
Fedhas
Gozag
Hepliaklqana
Kikubaaqudgha
Makhleb
Nemelex Xobeh
Okawaru
Qazlal
Ru
Sif Muna
Trog
Uskayaw
Vehumet
Xom
Yredelemnul
Zin
The Shining One
Jiyva

Annotations:
D:4 Eustachio
D:5 vaporguy's ghost, novice HOBe
D:9 1 runed door
D:12 ADDA's ghost, journeyman DsMo; Harold


Innate Abilities, Weirdness & Mutations

You are resistant to torment.
Your stone body is resilient. (AC +8)
You are immune to poison.
You resist negative energy. (rN+)
You are resistant to electric shocks. (rElec)
You can survive without breathing.
You are immune to petrification.
You are immune to rotting.
You are partially covered in iridescent scales. (AC +2)
Your body sometimes deteriorates upon taking damage.
You are somewhat resistant to further mutation.
Your natural rate of healing is unusually fast.
You occasionally shout uncontrollably at your foes.
Your spells are a little harder to cast, but a little more powerful.


Message History

You puncture the large slime creature!
The large slime creature is moderately wounded.
The large slime creature hits you!
You hit the large slime creature.
The large slime creature is heavily wounded.
The large slime creature hits you!
You sock the large slime creature!
The large slime creature is heavily wounded.
The large slime creature hits you but does no damage.
You bludgeon the large slime creature!!
The large slime creature is severely wounded.
The large slime creature hits you!!
* * * LOW HITPOINT WARNING * * *
Evoke which item? (* to show all) (? for menu, Esc to quit)
Zapping:
U - a wand of hasting (7/9)
Press: ? - help, Shift-Dir - straight line, f - you You feel yourself speed up.
You are very lightly contaminated with residual magic.
This wand has 6 charges left.
The large slime creature hits you!!
You die...

......... #... ........#
#... z.J.....# ######...
..%.....# .........
......###########........
....##.......##........
#y.##..#.#..##..###...
#..#.#.#'#.#.#..# #.<.
#..##@##.##.##..# #...
#..###J#.#.###..# #...
#..Hy.....).....# #...
#..)y†..........# #..[
#..###)#.#.###..# #...
#..##)##.##.##..# #...
#..#.#.#'# #.#..# #...
#..##..#.#..##..# #...
#..##.......##.(# #...


You could see a large slime creature.

Vanquished Creatures
  Josephine (D:10)
  Fannar (D:11)
  A hydra (D:11)
  Sonja (D:10)
  A skeletal warrior (D:12)
  An unseen horror (D:11)
  A manticore (D:9)
  A slime creature (D:12)
  A black mamba (Lair:1)
  A centaur zombie (D:12)
  A kobold demonologist (D:11)
  3 centaur skeletons (D:12)
  A troll (D:12)
  2 hippogriffs
  A meliai zombie (D:12)
  Sigmund (D:3)
  4 flying skulls (D:12)
  5 shadows (D:12)
  A vampire (D:10)
  7 wraiths
  A wyvern (D:12)
  A steam dragon (D:12)
  A yak (D:11)
  A hungry ghost (D:12)
  Menkaure (D:4)
  A water moccasin (D:10)
  Duvessa (D:7)
  18 ice beasts
  2 sky beasts (D:10)
  2 orc warriors
  An eye of draining (D:12)
  A phantom (D:11)
  4 ogres
  2 necrophages
  2 crocodiles (D:11)
  16 centaurs
  5 bullfrogs
  Blork the orc (D:4)
  Dowan (D:7)
  A wyvern zombie (D:12)
  2 wyvern skeletons (D:12)
  3 scorpions
  6 killer bees
  7 wights
  8 electric eels (D:11)
  3 howler monkeys
  3 bullfrog zombies
  3 crimson imps
  2 quasits
  2 jellies
  3 hounds
  6 bullfrog skeletons
  An orc priest (D:9)
  10 orc wizards
  A gnoll shaman (D:6)
  3 iguanas
  7 worker ants
  4 hound skeletons
  A howler monkey skeleton (D:5)
  4 gnolls (D:6)
  9 adders
  2 river rats (D:11)
  A shadow imp (D:4)
  2 adder skeletons (D:4)
  3 worms
  4 dart slugs
  2 leopard geckos
  43 orcs
  16 bats
  4 giant cockroaches
  6 goblins
  12 hobgoblins
  10 jackals
  10 kobolds
  9 quokkas
  A ball python (D:4)
  5 frilled lizards
  A leopard gecko zombie (D:8)
  18 rats
336 creatures vanquished.

Vanquished Creatures (others)
  2 orc wizards (D:8)
  An orc (D:11)
  A plant (D:11)
4 creatures vanquished.

Grand Total: 340 creatures vanquished

Notes
Turn   | Place    | Note
-------+----------+-------------------------------------------
     0 | D:1      | Rrauwl the Gargoyle Earth Elementalist began the quest for the Orb.
     0 | D:1      | Reached XP level 1. HP: 10/10 MP: 3/3
   316 | D:1      | Reached XP level 2. HP: 15/15 MP: 1/5
   877 | D:1      | Reached skill level 4 in Earth Magic
  1091 | D:1      | Reached XP level 3. HP: 17/19 MP: 6/6
  1769 | D:2      | Reached XP level 4. HP: 14/24 MP: 8/8
  2311 | D:3      | Reached XP level 5. HP: 28/28 MP: 9/9
  2691 | D:3      | Noticed Sigmund
  2705 | D:3      | Killed Sigmund
  2705 | D:3      | Reached skill level 5 in Earth Magic
  2705 | D:3      | Reached XP level 6. HP: 19/32 MP: 6/11
  2864 | D:3      | Learned a level 3 spell: Stone Arrow
  3156 | D:4      | Found a staircase to the Ecumenical Temple.
  3165 | Temple   | Entered the Ecumenical Temple
  3213 | Temple   | Became a worshipper of Vehumet
  3278 | D:4      | Noticed Eustachio
  3296 | D:5      | Entered Level 5 of the Dungeon
  3430 | D:5      | Reached skill level 1 in Fighting
  3549 | D:5      | Found a hazy altar of Hepliaklqana.
  3550 | D:5      | Found a shadowy altar of Dithmenos.
  3550 | D:5      | Found a shimmering altar of Xom.
  3550 | D:5      | Found a sacrificial altar of Ru.
  3564 | D:5      | Found a basalt altar of Yredelemnul.
  3564 | D:5      | Found a snail-covered altar of Cheibriados.
  3832 | D:4      | Noticed Blork the orc
  3835 | D:4      | Killed Blork the orc
  3835 | D:4      | Reached skill level 6 in Earth Magic
  3835 | D:4      | Reached XP level 7. HP: 37/39 MP: 6/13
  3860 | D:4      | Noticed Menkaure
  3875 | D:4      | Killed Menkaure
  3875 | D:4      | Reached skill level 1 in Evocations
  4039 | D:4      | Reached * piety under Vehumet
  4039 | D:4      | Offered knowledge of Shock by Vehumet.
  4049 | D:4      | Learned a level 3 spell: Stone Arrow
  4356 | D:4      | Reached skill level 1 in Conjurations
  4778 | D:5      | Reached skill level 1 in Maces & Flails
  4829 | D:5      | Noticed vaporguy's ghost (novice HOBe)
  5168 | D:6      | Reached skill level 1 in Armour
  5168 | D:6      | Reached XP level 8. HP: 41/45 MP: 13/15
  5250 | D:6      | Found an opulent altar of Gozag.
  5250 | D:6      | Found a glowing silver altar of Zin.
  5577 | D:6      | Offered knowledge of Throw Flame by Vehumet.
  5590 | D:6      | Learned a level 5 spell: Lee's Rapid Deconstruction
  5596 | D:6      | Reached ** piety under Vehumet
  6209 | D:6      | Found an iron altar of Okawaru.
  6299 | D:7      | Got a twisted dagger
  6300 | D:7      | Identified the +3 dagger of the Establishment {venom, MR++ Int+5 Stlth+} (You found it on level 7 of the Dungeon)
  6350 | D:7      | Reached skill level 7 in Earth Magic
  6381 | D:7      | Found a burning altar of Makhleb.
  6389 | D:7      | Reached skill level 5 in Spellcasting
  6599 | D:7      | Noticed Duvessa
  6600 | D:7      | Noticed Dowan
  6612 | D:7      | Killed Duvessa
  6645 | D:7      | Killed Dowan
  6645 | D:7      | Reached XP level 9. HP: 49/52 MP: 12/16
  7202 | D:8      | Found a white marble altar of Elyvilon.
  7414 | D:8      | Offered knowledge of Dazzling Spray by Vehumet.
  7430 | D:8      | Reached skill level 5 in Fighting
  7613 | D:8      | Reached skill level 8 in Earth Magic
  7953 | D:9      | Reached *** piety under Vehumet
  7957 | D:9      | Learned a level 2 spell: Blink
  8276 | D:9      | Noticed a manticore
  8333 | D:9      | Killed a manticore
  8333 | D:9      | Reached skill level 1 in Translocations
  8333 | D:9      | Reached XP level 10. HP: 33/60 MP: 10/19
  8533 | D:9      | Found a runed door.
  8533 | D:9      | Noticed a sixfirhy
  8756 | D:10     | Entered Level 10 of the Dungeon
  8770 | D:10     | Gained mutation: Your flesh is heat resistant. (rF+) [mutagenic meat]
  8771 | D:10     | Lost mutation: Your flesh is heat resistant. (rF+) [mutagenic meat]
  8772 | D:10     | Gained mutation: You are dopey. (Int -2) [mutagenic meat]
  8773 | D:10     | Gained mutation: You are clumsy. (Dex -2) [mutagenic meat]
  8774 | D:10     | Gained mutation: Your spells are a little harder to cast, but a little more powerful. [mutagenic meat]
  8775 | D:10     | Gained mutation: Your body sometimes deteriorates upon taking damage. [mutagenic meat]
  8802 | D:10     | Noticed Sonja
  8928 | D:10     | Killed Sonja
  8928 | D:10     | Reached skill level 5 in Armour
  8928 | D:10     | Reached skill level 5 in Conjurations
  9011 | D:10     | Identified a scroll of acquirement
  9032 | D:10     | Lost mutation: You are dopey. (Int -2) [potion of cure mutation]
  9032 | D:10     | Lost mutation: You are clumsy. (Dex -2) [potion of cure mutation]
  9159 | D:10     | Offered knowledge of Iskenderun's Mystic Blast by Vehumet.
  9165 | D:10     | Learned a level 4 spell: Iskenderun's Mystic Blast
  9506 | D:10     | Noticed Josephine
  9523 | D:10     | Killed Josephine
  9523 | D:10     | Reached skill level 5 in Maces & Flails
  9523 | D:10     | Reached skill level 9 in Earth Magic
  9624 | D:10     | Gained mutation: You are partially covered in iridescent scales. (AC +2) [mutagenic meat]
  9625 | D:10     | Gained mutation: You occasionally shout uncontrollably at your foes. [mutagenic meat]
  9626 | D:10     | Gained mutation: Your natural rate of healing is unusually fast. [mutagenic meat]
  9627 | D:10     | Gained mutation: You are somewhat resistant to further mutation. [mutagenic meat]
  9880 | D:11     | Reached XP level 11. HP: 66/66 MP: 21/21
  9985 | D:11     | Reached **** piety under Vehumet
  9993 | D:11     | Offered knowledge of Fulminant Prism by Vehumet.
 10354 | D:11     | Found a staircase to the Lair.
 10379 | D:11     | Killed an unseen horror
 10450 | Lair:1   | Entered Level 1 of the Lair of Beasts
 10631 | D:11     | Noticed a six-headed hydra
 10637 | D:11     | Killed a six-headed hydra
 10769 | D:11     | Noticed Fannar
 10800 | D:11     | Reached ***** piety under Vehumet
 10830 | D:11     | Offered knowledge of Force Lance by Vehumet.
 10873 | D:11     | Learned a level 4 spell: Force Lance
 11221 | D:11     | Killed Fannar
 11221 | D:11     | Reached skill level 10 in Earth Magic
 11785 | D:12     | Reached XP level 12. HP: 73/73 MP: 22/22
 11924 | D:12     | Noticed ADDA's ghost (journeyman DsMo)
 12167 | D:12     | Reached skill level 5 in Evocations
 12227 | D:12     | Noticed Harold
 12368 | D:12     | Annihilated by a large slime creature

Skill      XL: |  1  2  3  4  5  6  7  8  9 10 11 12 |
---------------+-------------------------------------+-----
Dodging        | 2 3 |  3.2
Earth Magic    | 4 5 6 7 8 9 10 | 10.8
Spellcasting   | 3 4 5 6 7 |  7.0
Fighting       | 1 2 4 5 6 7 8 |  8.3
Evocations     | 1 2 3 4 5 |  5.1
Conjurations   | 1 3 4 5 7 8 |  8.1
Maces & Flails | 1 2 4 5 6 7 |  7.4
Armour         | 1 2 4 5 7 8 |  8.0
Translocations | 1 2 3 |  3.3
Stealth        | |  2.1
Transmutations | |  0.7

Action                   |  1- 3 |  4- 6 |  7- 9 | 10-12 || total
-------------------------+-------+-------+-------+-------++-------
Melee: Mace              |    56 |    88 |       |       ||   144
       Flail             |       |     1 |       |       ||     1
       Dire flail        |       |       |   266 |   558 ||   824
       Dagger            |       |       |     3 |       ||     3
 Fire: Hunting sling     |    25 |       |       |       ||    25
 Cast: Sandblast         |    38 |    73 |    27 |     5 ||   143
       Stone Arrow       |       |     6 |    39 |    48 ||    93
       Iskenderun's Myst |       |       |       |     3 ||     3
       Blink             |       |       |       |     1 ||     1
Evoke: Wand              |       |       |       |     5 ||     5
  Use: Scroll            |     2 |     6 |     9 |    10 ||    27
       Potion            |     1 |     8 |     5 |     6 ||    20
 Stab: Sleeping          |     2 |     2 |     5 |     1 ||    10
       Distracted        |       |       |       |     1 ||     1
  Eat: Chunk             |     3 |     7 |    10 |    22 ||    42
       Fruit             |       |       |     2 |     3 ||     5
       Beef jerky        |       |       |     5 |     1 ||     6
       Meat ration       |       |       |     1 |       ||     1
       Bread ration      |       |       |       |     1 ||     1
Armor: Robe              |    23 |    40 |    85 |   176 ||   324
       Leather armour    |       |       |       |    98 ||    98
Dodge: Dodged            |    63 |   103 |   149 |   325 ||   640
